[Event "ICC tourney 2056 (3 2)"]
[Site "Internet Chess Club"]
[Date "2020.10.12"]
[Round "2"]
[White "pmchess98"]
[Black "BillietheKid"]
[Result "1-0"]
[ICCResult "Black checkmated"]
[WhiteElo "1390"]
[BlackElo "1395"]
[Opening "French: advance, Milner-Barry gambit"]
[ECO "C02"]
[NIC "FR.03"]
[Time "19:17:31"]
[TimeControl "180+2"]

1. e4 e6 2. d4 d5 3. e5 c5 4. c3 Nc6 5. Nf3 Qb6 6. Bd3 cxd4 7. cxd4 Bd7 8.
O-O Nxd4 9. Nxd4 Qxd4 10. Nc3 Qxe5 11. Re1 Qb8 12. Nxd5 Bd6 13. Qg4 Bxh2+
14. Kh1 Be5 15. f4 exd5 16. Qxg7 Ne7 17. Rxe5 Rg8 18. Qxg8# {Black
checkmated} 1-0

[Event "ICC tourney 2056 (3 2)"]
[Site "Internet Chess Club"]
[Date "2020.10.12"]
[Round "2"]
[White "chessrex"]
[Black "steinutz"]
[Result "1-0"]
[ICCResult "Black checkmated"]
[WhiteElo "1914"]
[BlackElo "1498"]
[Opening "Blackmar-Diemer gambit"]
[ECO "A45"]
[NIC "QP.07"]
[Time "19:17:56"]
[TimeControl "180+2"]

1. d4 Nf6 2. f3 d5 3. e4 dxe4 4. Nc3 e5 5. dxe5 Qxd1+ 6. Kxd1 Nfd7 7. Nd5
Kd8 8. Bg5+ f6 9. exf6 gxf6 10. Nxf6 Be7 11. Nxe4 Bxg5 12. Nxg5 Ke7 13. Kd2
h6 14. Re1+ Kf6 15. Ne6 Na6 16. Bxa6 bxa6 17. Nxc7 Rb8 18. Nd5+ Kg6 19. b3
Rd8 20. Kc1 Nf6 21. Nxf6 Kxf6 22. Ne2 Bf5 23. Ng3 Bg6 24. Ne4+ Kg7 25. Rd1
Rbc8 26. Rxd8 Rxd8 27. Rd1 Rxd1+ 28. Kxd1 Kf7 29. c4 Ke6 30. Kd2 Ke5 31. Ke3
a5 32. f4+ Ke6 33. g4 Bh7 34. Kd4 a6 35. f5+ Kd7 36. Nf6+ Kd6 37. Nxh7 a4
38. b4 a3 39. c5+ Kc6 40. Nf6 Kb5 41. Kc3 a5 42. bxa5 Kxc5 43. Ne4+ Kb5 44.
f6 Kc6 45. f7 Kd5 46. f8=Q Kxe4 47. a6 h5 48. a7 hxg4 49. a8=Q+ Ke3 50.
Qae8# {Black checkmated} 1-0

[Event "ICC tourney 2056 (3 2)"]
[Site "Internet Chess Club"]
[Date "2020.10.12"]
[Round "2"]
[White "StevChess01"]
[Black "shanmukha123"]
[Result "0-1"]
[ICCResult "White resigns"]
[WhiteElo "1348"]
[BlackElo "1437"]
[Opening "QGD Slav: 4.Nc3"]
[ECO "D15"]
[NIC "SL.03"]
[Time "19:17:21"]
[TimeControl "180+2"]

1. d4 c6 2. c4 d5 3. Nf3 Nf6 4. Nc3 Bf5 5. Qb3 b6 6. Bg5 e6 7. e3 Be7 8. Be2
O-O 9. O-O Nbd7 10. Qd1 Bg6 11. Rc1 Rc8 12. Nh4 Be4 13. f3 Bg6 14. Nxg6 hxg6
15. Bd3 c5 16. cxd5 Nxd5 17. Nxd5 Bxg5 18. f4 exd5 19. fxg5 Qxg5 20. Rf4
cxd4 21. Qf3 Rxc1+ 22. Kf2 Ne5 23. Qe2 dxe3+ 24. Qxe3 Nxd3+ {White resigns}
0-1

[Event "ICC tourney 2056 (3 2)"]
[Site "Internet Chess Club"]
[Date "2020.10.12"]
[Round "2"]
[White "Rook99"]
[Black "danaglin"]
[Result "0-1"]
[ICCResult "White resigns"]
[WhiteElo "1250"]
[BlackElo "1200"]
[Opening "Queen's pawn: London system"]
[ECO "A45"]
[NIC "QP.07"]
[Time "19:17:32"]
[TimeControl "180+2"]

1. d4 Nf6 2. Bf4 g6 3. e3 Bg7 4. Nc3 d5 5. Be2 O-O 6. h4 c5 7. h5 Nc6 8.
hxg6 hxg6 9. Nf3 cxd4 10. exd4 Re8 11. a3 Qb6 12. b4 Ne4 13. Nxd5 Qd8 14.
Ne3 Nxd4 15. Nxd4 Qxd4 16. Qxd4 Bxd4 17. O-O-O Nxf2 18. Rxd4 Nxh1 19. Bc4
Nf2 20. Bg3 e5 21. Rh4 g5 22. Rh5 Ne4 23. Bxe5 Rxe5 {White resigns} 0-1

[Event "ICC tourney 2056 (3 2)"]
[Site "Internet Chess Club"]
[Date "2020.10.12"]
[Round "2"]
[White "blackjack721"]
[Black "NSXchessplayer"]
[Result "0-1"]
[ICCResult "White checkmated"]
[WhiteElo "1308"]
[BlackElo "1410"]
[Opening "Giuoco Piano: four knights variation"]
[ECO "C23"]
[NIC "IG.04"]
[Time "19:17:16"]
[TimeControl "180+2"]

1. e4 e5 2. Bc4 Bc5 3. Nc3 Nc6 4. Nf3 Nf6 5. Ng5 O-O 6. d3 d6 7. Qf3 Nd4 8.
Qd1 h6 9. Nxf7 Rxf7 10. Be3 Ne6 11. Qd2 Bxe3 12. Qxe3 c6 13. O-O-O Qe7 14.
f3 a5 15. h4 b5 16. Nxb5 cxb5 17. Bxb5 Rb8 18. a4 Qb7 19. g4 Nd7 20. g5 h5
21. g6 Rf4 22. b3 Kf8 23. Bc4 Ndc5 24. d4 Nxe4 25. fxe4 Qxe4 26. Qc3 Nxd4
27. Qxa5 Qxc2# {White checkmated} 0-1

[Event "ICC tourney 2056 (3 2)"]
[Site "Internet Chess Club"]
[Date "2020.10.12"]
[Round "2"]
[White "Kinawa"]
[Black "lucachesschess"]
[Result "0-1"]
[ICCResult "White checkmated"]
[WhiteElo "1504"]
[BlackElo "1439"]
[Opening "Sicilian: dragon, classical, Grigoriev variation"]
[ECO "B72"]
[NIC "SI.33"]
[Time "19:17:17"]
[TimeControl "180+2"]

1. e4 c5 2. Nf3 Nc6 3. d4 cxd4 4. Nxd4 g6 5. Nc3 Bg7 6. Be3 d6 7. Be2 Nf6 8.
Qd2 O-O 9. O-O-O d5 10. exd5 Nxd5 11. Nxd5 Qxd5 12. Nb3 Qe5 13. c3 Bf5 14.
g4 Rfd8 15. Qe1 Be4 16. Rg1 Nb4 17. Bd4 Nxa2+ 18. Kd2 Qf4# {White
checkmated} 0-1

[Event "ICC tourney 2056 (3 2)"]
[Site "Internet Chess Club"]
[Date "2020.10.12"]
[Round "2"]
[White "javasri"]
[Black "PearsonH"]
[Result "1-0"]
[ICCResult "Black resigns"]
[WhiteElo "1650"]
[BlackElo "1437"]
[Opening "French: exchange, Svenonius variation"]
[ECO "C01"]
[NIC "FR.01"]
[Time "19:17:23"]
[TimeControl "180+2"]

1. e4 e6 2. d4 d5 3. exd5 exd5 4. Nc3 Nf6 5. Bg5 c6 6. Qd2 Bd6 7. O-O-O O-O
8. Bd3 b5 9. f3 a5 10. g4 a4 11. Nh3 b4 12. Ne2 Nbd7 13. Nhf4 Qb6 14. Nh5
Be7 15. Rhe1 b3 16. a3 bxc2 17. Qxc2 g6 18. Neg3 gxh5 19. Rxe7 hxg4 20. Bh6
Rd8 21. Qd2 Kh8 22. Rxf7 Rb8 23. Re1 c5 24. Ree7 cxd4 25. Rxh7+ Nxh7 26.
Rxh7+ {Black resigns} 1-0

[Event "ICC tourney 2056 (3 2)"]
[Site "Internet Chess Club"]
[Date "2020.10.12"]
[Round "2"]
[White "hackerguru"]
[Black "pescadilla"]
[Result "1-0"]
[ICCResult "Black resigns"]
[WhiteElo "1470"]
[BlackElo "1737"]
[Opening "English opening: Agincourt variation"]
[ECO "A13"]
[NIC "QP.11"]
[Time "19:17:19"]
[TimeControl "180+2"]

1. Nf3 e6 2. c4 d5 3. e3 Nf6 4. b3 Be7 5. Bb2 O-O 6. Be2 b6 7. O-O c5 8. d4
Bb7 9. Nc3 Nc6 10. cxd5 exd5 11. dxc5 bxc5 12. Na4 Ne4 13. Nd2 Bf6 14. Bxf6
Qxf6 15. Nxe4 dxe4 16. Nxc5 Qe7 17. Nxb7 Qxb7 18. Qd5 Rfe8 19. Bb5 Rac8 20.
Rac1 Re6 21. Bxc6 Rexc6 22. Qxe4 Qd7 23. Rxc6 Rxc6 24. h3 g6 25. Qa4 Qd6 26.
Qxa7 Ra6 27. Qd4 Qa3 28. Qa1 Qd6 29. Rd1 Qe6 30. Rd8+ {Black resigns} 1-0

[Event "ICC tourney 2056 (3 2)"]
[Site "Internet Chess Club"]
[Date "2020.10.12"]
[Round "2"]
[White "pika0008"]
[Black "Jett503"]
[Result "1-0"]
[ICCResult "Black resigns"]
[WhiteElo "1331"]
[BlackElo "1208"]
[Opening "Réti accepted"]
[ECO "A09"]
[NIC "RE.19"]
[Time "19:18:00"]
[TimeControl "180+2"]

1. Nf3 d5 2. c4 dxc4 3. e3 e6 4. Bxc4 Nf6 5. Nc3 Be7 6. b3 O-O 7. Bb2 a6 8.
Rg1 b5 9. Be2 Bb7 10. g4 Ne4 11. Qc2 Nxc3 12. Bxc3 f6 13. Nd4 Qd6 14. Bd3 g6
15. Bxg6 Qxh2 16. O-O-O Qh6 17. Be4 Bxe4 18. Qxe4 Nd7 19. Qxe6+ Kh8 20. Qxe7
Ne5 21. g5 fxg5 22. Qxe5+ Rf6 23. Nf5 Qf8 24. Rxg5 {Black resigns} 1-0

[Event "ICC tourney 2056 (3 2)"]
[Site "Internet Chess Club"]
[Date "2020.10.12"]
[Round "2"]
[White "Knightboy123"]
[Black "clydedrexler22"]
[Result "0-1"]
[ICCResult "White forfeits on time"]
[WhiteElo "1314"]
[BlackElo "1540"]
[Opening "Caro-Kann: exchange variation"]
[ECO "B13"]
[NIC "CK.02"]
[Time "19:17:49"]
[TimeControl "180+2"]

1. e4 c6 2. d4 d5 3. exd5 cxd5 4. Nf3 Nf6 5. Bd3 Bg4 6. h3 Bh5 7. c3 e6 8.
O-O Be7 9. Bf4 O-O 10. Nbd2 Nc6 11. Re1 Rc8 12. Qb3 Na5 13. Qa4 a6 14. b4
Nc4 15. Bxc4 dxc4 16. Ne5 Nd5 17. Qc2 Nxf4 18. Qe4 Nd5 19. Qc2 b5 20. a4 Bd6
21. Nef3 Nf4 22. axb5 axb5 23. Ne4 Nd3 24. Re3 Bf4 25. Rxd3 cxd3 26. Qxd3
Bg6 27. Re1 Qd5 {White forfeits on time} 0-1

[Event "ICC tourney 2056 (3 2)"]
[Site "Internet Chess Club"]
[Date "2020.10.12"]
[Round "2"]
[White "ekanshmehrotra"]
[Black "saisiva765"]
[Result "1-0"]
[ICCResult "Black resigns"]
[WhiteElo "1480"]
[BlackElo "1684"]
[Opening "French: Tarrasch, closed variation, main line"]
[ECO "C06"]
[NIC "FR.17"]
[Time "19:17:36"]
[TimeControl "180+2"]

1. e4 e6 2. d4 d5 3. Nd2 Nf6 4. e5 Nfd7 5. Bd3 c5 6. c3 Nc6 7. Ne2 cxd4 8.
cxd4 f6 9. exf6 Nxf6 10. Nf3 Bd6 11. O-O O-O 12. Bf4 Ne4 13. Bxd6 Qxd6 14.
Ng3 Nxg3 15. fxg3 h6 16. Qc2 Bd7 17. Bh7+ Kh8 18. Nh4 Be8 19. Bg6 Nxd4 20.
Qc7 Qb4 21. a3 Bxg6 22. Nxg6+ Kg8 23. axb4 {Black resigns} 1-0

[Event "ICC tourney 2056 (3 2)"]
[Site "Internet Chess Club"]
[Date "2020.10.12"]
[Round "2"]
[White "MagnumPI"]
[Black "cjcardoso"]
[Result "0-1"]
[ICCResult "White resigns"]
[WhiteElo "1282"]
[BlackElo "1456"]
[Opening "Queen's bishop game"]
[ECO "D02"]
[NIC "QP.08"]
[Time "19:17:17"]
[TimeControl "180+2"]

1. d4 d5 2. Nf3 Nf6 3. Bf4 Bf5 4. c4 c6 5. Nc3 e6 6. a3 a5 7. e3 Bd6 8. Bg5
Be7 9. c5 h6 10. Bh4 Nbd7 11. Bd3 Bg4 12. Be2 O-O 13. O-O Bxf3 14. Bxf3 e5
15. dxe5 Nxe5 16. b3 Bxc5 17. Na4 Be7 18. Rc1 Nfd7 19. Ra1 Bxh4 20. g3 Nxf3+
21. Qxf3 Bf6 22. Rae1 Ne5 23. Qd1 Be7 24. f4 Nd7 25. e4 dxe4 26. Rxe4 Bc5+
27. Nxc5 Nxc5 28. Rd4 Qb6 29. b4 Ne6 30. bxa5 Qxd4+ 31. Qxd4 Nxd4
{White resigns}
0-1

[Event "ICC tourney 2056 (3 2)"]
[Site "Internet Chess Club"]
[Date "2020.10.12"]
[Round "2"]
[White "chief2006"]
[Black "maddieweber789"]
[Result "0-1"]
[ICCResult "White resigns"]
[WhiteElo "1295"]
[BlackElo "1591"]
[Opening "French: advance, Paulsen attack"]
[ECO "C02"]
[NIC "FR.03"]
[Time "19:18:11"]
[TimeControl "180+2"]

1. e4 e6 2. d4 d5 3. e5 c5 4. c3 Nc6 5. Nf3 Qb6 6. a3 Nge7 7. Bd3 Ng6 8. b4
cxd4 9. cxd4 Bd7 10. Bc2 Rc8 11. O-O Be7 12. Be3 O-O 13. Qd2 a5 14. bxa5
Nxa5 15. Bd3 Bb5 16. Bxb5 Qxb5 17. Nc3 Qa6 18. Qb2 Nc4 19. Qb5 Nxe3 20. fxe3
Rxc3 21. Qxa6 bxa6 22. Rfc1 Rxe3 23. Kf2 Rb3 24. Rcb1 Rfb8 25. Rxb3 Rxb3 26.
Nd2 Rb2 27. Ke3 Bg5+ {White resigns} 0-1

[Event "ICC tourney 2056 (3 2)"]
[Site "Internet Chess Club"]
[Date "2020.10.12"]
[Round "2"]
[White "gbassman77"]
[Black "drabmolc"]
[Result "0-1"]
[ICCResult "White resigns"]
[WhiteElo "1291"]
[BlackElo "1472"]
[Opening "QGD: semi-Slav"]
[ECO "D10"]
[NIC "SL.06"]
[Time "19:18:11"]
[TimeControl "180+2"]

1. d4 d5 2. c4 c6 3. Nc3 e6 4. Nf3 f5 5. Bf4 Nf6 6. e3 Bd6 7. Bxd6 Qxd6 8.
Bd3 O-O 9. O-O Nbd7 10. Rc1 Ne4 11. a3 e5 12. dxe5 Nxe5 13. cxd5 cxd5 14.
Bxe4 fxe4 15. Nxe4 Nxf3+ 16. gxf3 Qg6+ 17. Kh1 dxe4 18. Rg1 Qe6 19. Qd4 Rf7
20. f4 b6 21. Rg3 Bb7 22. Rcg1 g6 23. Rg5 Qf6 24. f5 Qxd4 25. exd4 e3+ 26.
R1g2 Bxg2+ 27. Kxg2 exf2 28. Kxf2 Rxf5+ 29. Ke3 Rxg5 {White resigns} 0-1

[Event "ICC tourney 2056 (3 2)"]
[Site "Internet Chess Club"]
[Date "2020.10.12"]
[Round "2"]
[White "ChessMonkey123"]
[Black "liuchess"]
[Result "0-1"]
[ICCResult "White resigns"]
[WhiteElo "1331"]
[BlackElo "1513"]
[Opening "French: exchange variation"]
[ECO "C01"]
[NIC "FR.01"]
[Time "19:17:53"]
[TimeControl "180+2"]

1. e4 e6 2. d4 d5 3. exd5 exd5 4. c4 c6 5. cxd5 cxd5 6. Nc3 Nf6 7. Nf3 Bd6
8. Bg5 Be6 9. Be2 O-O 10. h3 h6 11. Bh4 Nbd7 12. Qb3 Nb6 13. Ne5 Be7 14. O-O
Ne4 15. Bxe7 Qxe7 16. Nxe4 dxe4 17. Qe3 Bd5 18. b3 Nd7 19. Nxd7 Qxd7 20. Bc4
Rac8 21. Rac1 Rfd8 22. Rfe1 f5 23. Bxd5+ Qxd5 24. Rxc8 Rxc8 25. Rc1 Rxc1+
26. Qxc1 Qxd4 27. Qc8+ Kf7 28. Qxf5+ Ke7 29. Kh2 e3 30. fxe3 Qxe3 31. Qf3
Qxf3 32. gxf3 Kf6 33. Kg3 Kf5 34. a4 a6 35. b4 b5 36. axb5 axb5 37. f4 Ke4
38. Kg4 g6 39. h4 Kd5 40. h5 gxh5+ 41. Kxh5 Ke4 42. Kxh6 Kxf4 43. Kg6 Ke4
44. Kf6 Kd4 45. Ke6 Kc4 46. Ke5 Kxb4 47. Kd4 Ka3 48. Kc3 b4+ 49. Kc2 Ka2 50.
Kc1 b3 {White resigns} 0-1

[Event "ICC tourney 2056 (3 2)"]
[Site "Internet Chess Club"]
[Date "2020.10.12"]
[Round "2"]
[White "pawnsacrifice5"]
[Black "yogokings12"]
[Result "0-1"]
[ICCResult "White checkmated"]
[WhiteElo "1986"]
[BlackElo "1548"]
[Opening "Neo-Grünfeld defense"]
[ECO "D70"]
[NIC "QP.09"]
[Time "19:17:28"]
[TimeControl "180+2"]

1. Nf3 d5 2. c4 Nf6 3. d4 g6 4. cxd5 Nxd5 5. e4 Nb6 6. Nc3 Bg7 7. Be3 O-O 8.
Be2 N8d7 9. h4 c6 10. h5 Nf6 11. h6 Bh8 12. a4 Ng4 13. Bf4 Nd7 14. Bc4 e5
15. dxe5 Ngxe5 16. Be2 Nxf3+ 17. Bxf3 Ne5 18. O-O Nxf3+ 19. Qxf3 Qb6 20.
Rab1 Be6 21. Qg3 Qd4 22. Rfd1 Qf6 23. Bd6 Rfd8 24. e5 Qf5 25. Ne2 Qg4 26.
Qxg4 Bxg4 27. f3 Bf5 28. Rbc1 Rd7 29. Nd4 Be6 30. Nxe6 fxe6 31. f4 Rad8 32.
g3 Kf7 33. Kg2 g5 34. Kf3 Kg6 35. Rh1 Rf7 36. Ke4 Rf5 37. Rc3 Rd7 38. b4
Rxd6 39. exd6 Bxc3 40. Rd1 Rd5 41. Rxd5 exd5+ 42. Kf3 Bf6 43. g4 gxf4 44.
Kxf4 Kxh6 45. Kf5 Kg7 46. g5 Bd8 47. b5 cxb5 48. axb5 Kf7 49. Ke5 d4 50.
Kxd4 Ke6 51. Kc5 Bxg5 52. b6 axb6+ 53. Kxb6 Kxd6 54. Kxb7 h5 55. Kb6 h4 56.
Kb5 h3 57. Kc4 h2 58. Kd3 h1=Q 59. Ke2 Qh3 60. Kf2 Qe3+ 61. Kg2 Qf4 62. Kh3
Bd8 63. Kg2 Qe3 64. Kh2 Qg5 65. Kh3 Ke6 66. Kh2 Bc7+ 67. Kh1 Bb6 68. Kh2 Bf2
69. Kh1 Qg1# {White checkmated} 0-1

[Event "ICC tourney 2056 (3 2)"]
[Site "Internet Chess Club"]
[Date "2020.10.12"]
[Round "2"]
[White "saikanth"]
[Black "Tombstone"]
[Result "0-1"]
[ICCResult "White forfeits on time"]
[WhiteElo "1467"]
[BlackElo "1682"]
[Opening "Queen's pawn, Mason variation"]
[ECO "D00"]
[NIC "QP.08"]
[Time "19:17:29"]
[TimeControl "180+2"]

1. d4 d5 2. Bf4 Nf6 3. e3 c5 4. c3 Nc6 5. Bd3 e6 6. Nd2 Bd6 7. Bg3 O-O 8. f4
cxd4 9. exd4 Qc7 10. Ne2 Nh5 11. O-O Nxg3 12. hxg3 f5 13. Nf3 Bd7 14. Nc1
Nd8 15. Nb3 b6 16. Nbd2 Nf7 17. Ne5 Bxe5 18. fxe5 Nh6 19. Nf3 Ng4 20. Nh2
Ne3 21. Qe2 Nxf1 22. Rxf1 Qd8 23. g4 fxg4 24. Qxg4 Rxf1+ 25. Nxf1 Qe7 26.
Ng3 Qf7 27. Nh5 Kh8 28. Qh4 h6 29. Nf4 Kg8 30. Bg6 Qf8 31. Qg4 Qe7 32. Bc2
Qg5 33. Qf3 Rf8 34. g3 Qd8 35. Qd3 Rf5 36. Qe3 Rg5 {White forfeits on time}
0-1

[Event "ICC tourney 2056 (3 2)"]
[Site "Internet Chess Club"]
[Date "2020.10.12"]
[Round "2"]
[White "oxdidi"]
[Black "Atomic-Player"]
[Result "0-1"]
[ICCResult "White checkmated"]
[WhiteElo "1128"]
[BlackElo "1488"]
[Opening "Giuoco Pianissimo"]
[ECO "C55"]
[NIC "IG.01"]
[Time "19:17:24"]
[TimeControl "180+2"]

1. e4 e5 2. Nf3 Nc6 3. Bc4 Nf6 4. d3 Bc5 5. c3 O-O 6. Nbd2 d6 7. h3 h6 8.
O-O a6 9. Re1 b5 10. Bb3 Bb6 11. Nf1 Be6 12. Bc2 Re8 13. Ng3 Qd7 14. Qe2 Ne7
15. Bd2 Ng6 16. Rad1 c6 17. a3 a5 18. d4 exd4 19. cxd4 Bc4 20. Qe3 Re7 21.
Qc3 Be6 22. e5 Nd5 23. Qd3 dxe5 24. dxe5 Rd8 25. Qe2 Qa7 26. Bxg6 fxg6 27.
Be3 Nxe3 28. Rxd8+ Bxd8 29. Qxe3 Bb6 30. Qe2 Bd5 31. Rd1 Bxf3 32. Qxf3 Qc7
33. Re1 Rxe5 34. Rxe5 Qxe5 35. Qb3+ Kh7 36. Kf1 Bd4 37. Qc2 Bxb2 38. Qxc6
Bxa3 39. Qa6 Bb4 40. Qb6 Qa1+ 41. Ke2 Qe1+ 42. Kf3 Qe5 43. Qe3 Qxe3+ 44.
Kxe3 a4 45. Kd3 a3 46. Kc2 Be1 47. Kb3 Bxf2 48. Ne4 Bd4 49. Kxa3 g5 50. Kb4
Kg6 51. Kxb5 Kf5 52. Nd2 Be3 53. Nf1 Kf4 54. g3+ Kf3 55. Kc6 Bd4 56. Kd5 Ba1
57. Kc4 Kf2 58. Nd2 Kxg3 59. Ne4+ Kxh3 60. Nd6 Bf6 61. Nf7 g4 62. Nd6 g3 63.
Ne4 g2 64. Nf2+ Kh2 65. Ng4+ Kg3 66. Nxf6 gxf6 67. Kc5 g1=Q+ 68. Kd5 Qd1+
69. Ke6 h5 70. Kf7 h4 71. Kg6 h3 72. Kf5 h2 73. Ke6 h1=Q 74. Kf7 Qh7+ 75.
Ke6 Qe2+ 76. Kd5 Qhd3+ 77. Kc5 Qec2+ 78. Kb4 Qdb3+ 79. Ka5 Qca2#
{White checkmated}
0-1

[Event "ICC tourney 2056 (3 2)"]
[Site "Internet Chess Club"]
[Date "2020.10.12"]
[Round "2"]
[White "HemingLiu"]
[Black "kushagra12"]
[Result "0-1"]
[ICCResult "White checkmated"]
[WhiteElo "1165"]
[BlackElo "1358"]
[Opening "Sicilian: Pelikan, Chelyabinsk variation"]
[ECO "B33"]
[NIC "SI.37"]
[Time "19:17:25"]
[TimeControl "180+2"]

1. e4 c5 2. Nf3 Nc6 3. d4 cxd4 4. Nxd4 Nf6 5. Nc3 e5 6. Ndb5 d6 7. Bg5 a6 8.
Na3 b5 9. Nd5 Be7 10. Bxf6 Bxf6 11. c3 O-O 12. Nc2 Re8 13. Be2 Ne7 14. Ncb4
Bb7 15. O-O Nxd5 16. Nxd5 Bxd5 17. Qxd5 Rc8 18. Qb7 Ra8 19. Rad1 Re7 20. Qc6
Rd7 21. Bg4 Rc7 22. Qxd6 Qxd6 23. Rxd6 Rc4 24. Re1 h6 25. h3 b4 26. cxb4
Rxb4 27. b3 a5 28. Kh2 a4 29. bxa4 Rbxa4 30. Re2 Rxa2 31. Rxa2 Rxa2 32. f3
Bg5 33. Rd5 f6 34. Be6+ Kh7 35. Bf5+ g6 36. Rd7+ Kg8 37. Be6+ Kf8 38. Rf7+
Ke8 39. Rg7 Bf4+ 40. Kh1 Ra1# {White checkmated} 0-1

[Event "ICC tourney 2056 (3 2)"]
[Site "Internet Chess Club"]
[Date "2020.10.12"]
[Round "2"]
[White "KingPidgenYT"]
[Black "wildrumpus"]
[Result "1-0"]
[ICCResult "Black resigns"]
[WhiteElo "1401"]
[BlackElo "1331"]
[Opening "Bird's opening"]
[ECO "A02"]
[NIC "VO.07"]
[Time "19:18:11"]
[TimeControl "180+2"]

1. f4 b6 2. Nf3 Bb7 3. e3 Nf6 4. b3 e6 5. Bb2 c5 6. Be2 Be7 7. O-O O-O 8. d3
d5 9. h3 Nc6 10. Nbd2 Qd7 11. Qe1 Rad8 12. Qg3 h6 13. Ne5 Qc8 14. Ndf3 d4
15. Nxc6 Qxc6 16. exd4 cxd4 17. Nxd4 Bc5 18. c3 Nd5 19. Bf3 Bxd4+ 20. cxd4
Ba6 21. Rfd1 Qd7 22. Rac1 Nb4 23. d5 f6 24. dxe6 Qxe6 25. Be4 Qf7 26. Ra1 f5
27. Bxf5 Rd5 28. Be6 Nxd3 29. Bxf7+ Rxf7 30. Rxd3 Rxd3 31. Qf2 Rfd7 32. Kh1
Rd1+ 33. Rxd1 Rxd1+ 34. Kh2 Rd3 35. Qe1 Rd8 36. Qe6+ Kh7 37. Qe7 Rg8 38. Qf7
Bd3 39. Qxa7 Be4 40. Qxb6 Ra8 41. Qb4 Rxa2 42. Qxe4+ g6 43. Qe7+ {Black
resigns} 1-0

[Event "ICC tourney 2056 (3 2)"]
[Site "Internet Chess Club"]
[Date "2020.10.12"]
[Round "2"]
[White "BreatheChessAls"]
[Black "Alec-hine"]
[Result "0-1"]
[ICCResult "White forfeits on time"]
[WhiteElo "1600"]
[BlackElo "1696"]
[Opening "Queen's pawn: London system"]
[ECO "A45"]
[NIC "QP.07"]
[Time "19:17:22"]
[TimeControl "180+2"]

1. d4 Nf6 2. Bf4 d5 3. e3 c5 4. c3 Nc6 5. Nd2 Qb6 6. Qb3 c4 7. Qc2 g6 8. e4
Nxe4 9. Nxe4 dxe4 10. Bxc4 Bg7 11. Qb3 Qxb3 12. axb3 e5 13. dxe5 Nxe5 14.
Bb5+ Bd7 15. Bxd7+ Kxd7 16. Bxe5 Bxe5 17. Ne2 f5 18. O-O Ke7 19. Rfe1 Kf6
20. g3 a6 21. Red1 Rhd8 22. Kf1 g5 23. Kg2 f4 24. f3 exf3+ 25. Kxf3 fxg3 26.
Nxg3 Bxg3 27. hxg3 h5 28. Rh1 Kg6 29. Rad1 g4+ 30. Kg2 Kg5 31. Rhe1 Kf6 32.
Rf1+ Kg6 33. Rde1 Rd2+ 34. Rf2 Rxf2+ 35. Kxf2 Rd8 36. Re6+ Kf5 37. Re2 Rd3
38. Kg2 Rd7 39. Rf2+ Kg5 40. Rc2 h4 41. gxh4+ Kxh4 42. c4 Rd3 43. Kg1 Rxb3
44. Rh2+ Kg3 45. Rg2+ Kf3 46. Rf2+ Ke4 47. Rg2 Kf4 48. Rc2 g3 49. Kg2 Rd3
50. c5 a5 {White forfeits on time} 0-1

[Event "ICC tourney 2056 (3 2)"]
[Site "Internet Chess Club"]
[Date "2020.10.12"]
[Round "2"]
[White "Vidipkona"]
[Black "elevinchess"]
[Result "0-1"]
[ICCResult "White checkmated"]
[WhiteElo "1589"]
[BlackElo "1643"]
[Opening "Sicilian defense"]
[ECO "B27"]
[NIC "SI.43"]
[Time "19:17:27"]
[TimeControl "180+2"]

1. e4 c5 2. Nf3 d5 3. exd5 Nf6 4. c4 e6 5. dxe6 Bxe6 6. Nc3 Nc6 7. d3 Bd6 8.
Be3 Qd7 9. Be2 O-O-O 10. O-O h5 11. Qa4 Kb8 12. a3 Ng4 13. Nb5 Nxe3 14. fxe3
a6 15. Nxd6 Qxd6 16. Rad1 Ne5 17. Qc2 Rh6 18. Ng5 Ng4 19. Bxg4 hxg4 20. g3
Qe5 21. Ne4 f5 22. Nf2 Rdh8 23. Nh1 Qxe3+ 24. Qf2 Qxf2+ 25. Rxf2 Rd8 26. Re2
Bxc4 27. Red2 Rhd6 28. Nf2 Kc7 29. Kf1 Bd5 30. Re1 R8d7 31. Rc1 Kb6 32. Rdc2
Rc7 33. d4 Rdc6 34. Rd2 cxd4 35. Rxc6+ Rxc6 36. Rxd4 Rc7 37. Rxd5 Rc1+ 38.
Rd1 Rc2 39. Nd3 Rxh2 40. Ke1 Rh1+ 41. Kd2 Rh2+ 42. Kc3 Rg2 43. Re1 Rxg3 44.
Rf1 Rf3 45. Rxf3 gxf3 46. Kd2 g5 47. Ke3 g4 48. Kf4 Kb5 49. b3 a5 50. a4+
Kc6 51. Nf2 b5 52. Nh1 bxa4 53. bxa4 Kc5 54. Ng3 Kb4 55. Kxf5 Kxa4 56. Kxg4
Kb3 57. Kxf3 a4 58. Nf5 a3 59. Nd4+ Kb2 60. Ke3 a2 61. Kd3 a1=Q 62. Kc4 Qa4+
63. Kd5 Qa5+ 64. Kc4 Qa6+ 65. Kc5 Kc1 66. Nb3+ Kb2 67. Nd4 Qa7+ 68. Kd5 Kc1
69. Nb3+ Kb2 70. Nd4 Qb7+ 71. Kc5 Qc7+ 72. Kd5 Qd8+ 73. Kc5 Kc3 74. Nb5+ Kb3
75. Nd4+ Ka4 76. Nc6 Qg5+ 77. Kb6 Qb5+ 78. Kc7 Qc5 79. Kb7 Kb5 80. Na7+ Kc4
81. Nc6 Qd6 82. Kb6 Kd5 83. Ka7 Qxc6 84. Kb8 Qd7 85. Ka8 Kc6 86. Kb8 Qb7#
{White checkmated}
0-1

[Event "ICC tourney 2056 (3 2)"]
[Site "Internet Chess Club"]
[Date "2020.10.12"]
[Round "3"]
[White "danaglin"]
[Black "BreatheChessAls"]
[Result "0-1"]
[ICCResult "White resigns"]
[WhiteElo "1201"]
[BlackElo "1602"]
[Opening "Sicilian: Labourdonnais-Löwenthal (Kalashnikov) variation"]
[ECO "B32"]
[NIC "SI.32"]
[Time "19:31:13"]
[TimeControl "180+2"]

1. e4 c5 2. Nf3 Nc6 3. d4 cxd4 4. Nxd4 e5 5. Nb5 d6 6. N1c3 a6 7. Na3 Be7 8.
Nd5 Nf6 9. Bg5 Nxd5 10. exd5 Bxg5 11. dxc6 bxc6 12. Bd3 O-O 13. Qe2 Bf6 14.
Qe4 g6 15. Qxc6 Rb8 16. b3 e4 17. Qxe4 Re8 {White resigns} 0-1

[Event "ICC tourney 2056 (3 2)"]
[Site "Internet Chess Club"]
[Date "2020.10.12"]
[Round "3"]
[White "NSXchessplayer"]
[Black "Laxman90"]
[Result "0-1"]
[ICCResult "White checkmated"]
[WhiteElo "1402"]
[BlackElo "1534"]
[Opening "Four knights: Italian variation"]
[ECO "C55"]
[NIC "IG.01"]
[Time "19:31:36"]
[TimeControl "180+2"]

1. e4 e5 2. Nf3 Nc6 3. Bc4 Nf6 4. Nc3 Be7 5. d3 O-O 6. h3 d6 7. O-O Nd7 8.
Be3 Nb6 9. Bb3 Kh8 10. Nh2 f5 11. f4 Bf6 12. fxe5 Bxe5 13. Nf3 Bxc3 14. bxc3
f4 15. Bf2 Qf6 16. Bh4 Qxc3 17. Ng5 Qd4+ 18. Bf2 Qf6 19. Nf7+ Rxf7 20. Bxf7
Qxf7 21. Qd2 Be6 22. Bh4 Rf8 23. Rf3 Nd4 24. Rf2 Qh5 25. Rxf4 Rxf4 26. c3
Ne2+ 27. Kh2 Rxh4 28. Rf1 Rxh3+ 29. gxh3 Qxh3# {White checkmated} 0-1

[Event "ICC tourney 2056 (3 2)"]
[Site "Internet Chess Club"]
[Date "2020.10.12"]
[Round "3"]
[White "steinutz"]
[Black "cjcardoso"]
[Result "1-0"]
[ICCResult "Black resigns"]
[WhiteElo "1512"]
[BlackElo "1442"]
[Opening "Levitsky attack (Queen's bishop attack)"]
[ECO "D00"]
[NIC "QP.08"]
[Time "19:31:11"]
[TimeControl "180+2"]

1. d4 d5 2. Bg5 Nf6 3. e3 Bf5 4. Bd3 Bxd3 5. Qxd3 e6 6. Nd2 Be7 7. f4 h6 8.
Bxf6 Bxf6 9. Ngf3 c6 10. O-O Nd7 11. Ne5 O-O 12. c3 Rc8 13. Kh1 c5 14. Rae1
c4 15. Qc2 Bxe5 16. fxe5 f6 17. exf6 Nxf6 18. e4 Qc7 19. e5 Ng4 20. Nf3 h5
21. Ng5 Rxf1+ 22. Rxf1 g6 23. Qxg6+ Qg7 24. Qxe6+ Kh8 25. Qxc8+ Qg8
{Black resigns}
1-0